 Dungeon Crawl Stone Soup version 0.31-a0-152-g6aa68a64a1 (webtiles) character file.

Game seed: 7714891532056702629

1890 qw the Skirmisher (level 8, -2/74 HPs)
             Began as a Minotaur Hunter on June 10, 2023.
             Was a Follower of Okawaru.
             Slain by an acid dragon (4 damage)
             ... on level 9 of the Dungeon.
             The game lasted 00:02:17 (4682 turns).

qw the Skirmisher (Minotaur Hunter)                 Turns: 4682, Time: 00:02:18

Health: -2/74      AC:  3    Str: 17    XL:     8   Next: 92%
Magic:  8/9        EV: 16    Int:  6    God:    Okawaru [*.....]
Gold:   429        SH:  0    Dex: 15    Spells: 7/7 levels left

rFire   . . .        Y - +1 shortbow
rCold   . . .        (shield currently unavailable)
rNeg    . . .        b - +0 troll leather armour {Pargi}
rPois   .            (helmet restricted)
rElec   .            (no cloak)
rCorr   .            (no gloves)
SInv    .            g - +1 pair of boots {rampage}
Will    .....        d - amulet of regeneration
Stlth   +++          (no ring)
HPRegen 1.92/turn    (no ring)
MPRegen 0.11/turn

%: rampage
@: heroic, corroded
A: horns 2, retaliatory headbutt
a: Renounce Religion, Heroism


You were on level 9 of the Dungeon.
You worshipped Okawaru.
Okawaru was aware of your devotion.
You visited 2 branches of the dungeon, and saw 8 of its levels.
You also visited: Sewer.

You collected 429 gold pieces.


Innate Abilities, Weirdness & Mutations

You have a pair of horns on your head.
You reflexively headbutt those who attack you in melee.


   Skills:
 - Level 7.7(12.7) Fighting
 + Level 10.2(15.2) Ranged Weapons
 - Level 2.5(7.5) Armour
 - Level 4.1(9.1) Dodging
 - Level 0.7(5.7) Stealth
 + Level 2.7 Invocations


You had 7 spell levels left.
You didn't know any spells.
Your spell library was empty.

Inventory:

Hand Weapons
 Y - a +1 shortbow (weapon)
Armour
 b - a +0 troll leather armour (worn) {Pargi}
 g - a +1 pair of boots of rampaging (worn)
 j - a +1 leather armour of fire resistance
Jewellery
 c - a ring of ice
 d - an amulet of regeneration (around neck)
Scrolls
 a - a scroll of identify
 i - a scroll of enchant armour {unknown}
Potions
 e - a potion of lignification {unknown}
 f - a potion of curing
 h - a potion of heal wounds {unknown}
 k - a potion of ambrosia {unknown}

Dungeon Overview and Level Annotations

Branches:
Dungeon (6/15)             Temple (1/1) D:4           Sewer (visited)

Altars:
Ashenzari
Cheibriados
Dithmenos
Fedhas
Gozag
Nemelex Xobeh
Okawaru
Qazlal
Sif Muna
Trog
Uskayaw
Vehumet
Wu Jian
Xom
Yredelemnul
Zin
The Shining One

Annotations:
D:5 3 runed translucent doors, qw's ghost, novice MiHu


Message History

You gain the combat prowess of a mighty hero.
You shoot an arrow. The arrow hits the acid dragon.
The acid dragon is lightly wounded.
You shoot an arrow. The arrow hits the acid dragon.
The acid dragon is moderately wounded.
You shoot an arrow.
The arrow hits the acid dragon but does no damage.
The acid dragon is moderately wounded.
You shoot an arrow. The arrow hits the acid dragon!
The acid dragon is severely wounded.
The acid dragon spits acid at you. The splash of acid hits you!!
You shoot an arrow.
The arrow barely misses the acid dragon.
You shoot an arrow.
The arrow barely misses the acid dragon.
The acid dragon spits acid at you. The splash of acid misses you.
You shoot an arrow.
The arrow barely misses the acid dragon.
You shoot an arrow. The arrow hits the acid dragon.
The acid dragon is severely wounded.
You shoot an arrow.
The arrow closely misses the acid dragon.
You shoot an arrow.
The arrow hits the acid dragon but does no damage.
The acid dragon is severely wounded.
The acid dragon spits acid at you. The splash of acid hits you!!
You shoot an arrow.
The arrow closely misses the acid dragon.
You shoot an arrow.
The arrow completely misses the acid dragon.
The acid dragon bites you.
The acid dragon claws you but does no damage.
You shoot an arrow.
The arrow hits the acid dragon but does no damage.
The acid dragon is severely wounded.
The acid dragon bites you! The acid dragon claws you.
You die...

.. . #. . #.
####.#
#.....### #@.##
......D##.#####
....... ##....#
....... #..###
....... #..#
....... ##..#
....... #..##
....... #..#
#..#


You could see an acid dragon (catching breath).

Vanquished Creatures
  Eustachio (D:5)
  A water moccasin (D:5)
  4 black bears (D:5)
  An orc warrior (D:6)
  Pargi (Sewer)
  2 ogres
  A centaur (D:9)
  A bullfrog (D:4)
  2 scorpions (D:5)
  A howler monkey (D:4)
  A hound (D:5)
  An orc priest (D:5)
  4 iguanas
  A sleepcap (D:5)
  A gnoll bouda (D:5)
  4 orc wizards
  11 adders
  10 gnolls
  A river rat (D:3)
  A shadow imp (D:5)
  5 worms
  2 dart slugs (D:1)
  9 orcs
  12 ball pythons
  7 endoplasms
  2 giant cockroaches
  7 goblins
  12 hobgoblins
  4 jackals (D:3)
  3 kobolds
  3 quokkas
  6 bats
  9 rats
131 creatures vanquished.

Notes
Turn   | Place    | Note
-------+----------+-------------------------------------------
     0 | D:1      | qw the Minotaur Hunter began the quest for the Orb.
     0 | D:1      | Reached XP level 1. HP: 18/18 MP: 0/0
     0 | D:1      | 0 ||| qw: Version: 0.2-a-122-gbc61b45
     0 | D:1      | 0 ||| qw: Game counter: 3515
     0 | D:1      | 0 ||| qw: Always use a shield: true
     0 | D:1      | 0 ||| qw: God list: Okawaru
     0 | D:1      | 0 ||| qw: Allow faded altars: false
     0 | D:1      | 0 ||| qw: Do Orc after D:15 true
     0 | D:1      | 0 ||| qw: Do second Lair branch before Depths: true
     0 | D:1      | 0 ||| qw: Lair rune preference: random
     0 | D:1      | 0 ||| qw: Plans: Normal
     0 | D:1      | 0 ||| PLANNING D:1-11
   167 | D:1      | Reached XP level 2. HP: 25/25 MP: 1/1
   252 | D:1      | Reached skill level 5 in Ranged Weapons
   368 | D:1      | Reached skill level 3 in Fighting
   513 | D:1      | Reached XP level 3. HP: 31/31 MP: 2/2
   752 | D:1      | 752 ||| UPGRADING to +0 ring mail.
   762 | D:1      | 762 ||| DROPPING +0 leather armour.
   763 | D:1      | 763 ||| READING scroll labelled YGAROZASHRE.
   818 | D:1      | 818 ||| READING scroll labelled ODORANOTUGG.
   819 | D:1      | 819 ||| READING scroll labelled RAAL XENIP.
   820 | D:1      | 820 ||| DROPPING scroll of butterflies.
   882 | D:2      | Reached skill level 1 in Armour
  1081 | D:2      | 1081 ||| Stepping ~*~*~tactically~*~*~ (outnumbered).
  1082 | D:2      | 1082 ||| Stepping ~*~*~tactically~*~*~ (outnumbered).
  1084 | D:2      | Reached XP level 4. HP: 38/38 MP: 3/3
  1092 | D:2      | Reached skill level 6 in Ranged Weapons
  1098 | D:2      | 1098 ||| DROPPING +6 ring of intelligence.
  1099 | D:2      | HP: 8/38 [gnoll/+0 spear (7)]
  1104 | D:2      | 1104 ||| READING scroll labelled IVEINOKHLYU.
  1104 | D:2      | HP: 5/38 [gnoll/+0 spear (5)]
  1107 | D:2      | 1107 ||| READING scroll labelled XEPRORPHINN.
  1130 | D:2      | 1130 ||| FLEEEEING.
  1131 | D:2      | 1131 ||| FLEEEEING.
  1132 | D:2      | 1132 ||| FLEEEEING.
  1139 | D:2      | 1139 ||| STAIRDANCE
  1426 | D:2      | 1426 ||| READING scroll labelled TIOLENEQYMM.
  1427 | D:2      | 1427 ||| DRINKING 2 fuming orange potions.
  1459 | D:3      | 1459 ||| PLANNING SEWER
  1820 | D:3      | Reached XP level 5. HP: 46/46 MP: 4/4
  1871 | D:3      | Found a glowing drain.
  1872 | D:3      | 1872 ||| READING scroll labelled NUIMEBL APEON.
  1973 | D:3      | 1973 ||| READING 2 scrolls of identify.
  1973 | D:3      | 1973 ||| IDENTIFYING bubbling blue potion
  1974 | D:3      | 1974 ||| DROPPING potion of enlightenment.
  1982 | Sewer    | Entered a sewer
  2009 | Sewer    | Noticed Pargi
  2016 | Sewer    | Killed Pargi
  2017 | Sewer    | Reached skill level 7 in Ranged Weapons
  2078 | Sewer    | 2078 ||| UPGRADING to +0 troll leather armour {Pargi}.
  2088 | Sewer    | 2088 ||| DROPPING +0 ring mail.
  2097 | D:3      | 2097 ||| PLANNING D:1-11
  2276 | D:3      | Reached XP level 6. HP: 52/52 MP: 5/5
  2445 | D:3      | 2445 ||| READING scroll labelled FEDUMOUMUD.
  2584 | D:4      | 2584 ||| FLEEEEING.
  2585 | D:4      | 2585 ||| FLEEEEING.
  2613 | D:4      | HP: 12/52 [ogre/+0 giant club (19)]
  2618 | D:4      | Reached skill level 8 in Ranged Weapons
  2738 | D:4      | Found a shadowy altar of Dithmenos.
  2887 | D:4      | Reached XP level 7. HP: 44/60 MP: 6/6
  2943 | D:4      | Found a staircase to the Ecumenical Temple.
  2944 | D:4      | 2944 ||| PLANNING TEMPLE
  2944 | D:4      | 2944 ||| READING scroll labelled ZIZI BAKEQAH.
  2953 | Temple   | Entered the Ecumenical Temple
  2976 | Temple   | 2976 ||| PLANNING OKAWARU WORSHIP
  3026 | Temple   | Became a worshipper of Warmaster Okawaru
  3026 | Temple   | 3026 ||| PLANNING D:1-11
  3190 | D:4      | Found a sparkling altar of Nemelex Xobeh.
  3290 | D:4      | 3290 ||| UPGRADING to amulet of regeneration.
  3295 | D:4      | 3295 ||| DROPPING ring of flight.
  3296 | D:4      | 3296 ||| READING scroll labelled HANWIL FAUROKY.
  3297 | D:4      | 3297 ||| READING scroll labelled ZOLLUYZ ESKEL.
  3299 | D:5      | Entered Level 5 of the Dungeon
  3413 | D:5      | Reached skill level 3 in Dodging
  3436 | D:5      | Found a broken altar of Ashenzari.
  3531 | D:5      | Reached skill level 9 in Ranged Weapons
  3554 | D:5      | Reached * piety under Okawaru
  3555 | D:5      | Reached skill level 6 in Fighting
  3555 | D:5      | Reached XP level 8. HP: 71/71 MP: 7/7
  3731 | D:5      | 3731 ||| DRINKING 2 potions of curing.
  3731 | D:5      | 3731 ||| (to cure confusion)
  3739 | D:5      | 3739 ||| INVOKING Heroism.
  3780 | D:5      | 3780 ||| INVOKING Heroism.
  3782 | D:5      | 3782 ||| Stepping ~*~*~tactically~*~*~ (outnumbered).
  3790 | D:5      | Reached skill level 10 in Ranged Weapons
  3790 | D:5      | 3790 ||| Stepping ~*~*~tactically~*~*~ (outnumbered).
  3859 | D:5      | Found a runed translucent gate.
  3859 | D:5      | Found a runed translucent gate.
  3859 | D:5      | Found a runed translucent gate.
  3865 | D:5      | 3865 ||| INVOKING Heroism.
  3903 | D:5      | Noticed Eustachio
  3914 | D:5      | 3914 ||| Stepping ~*~*~tactically~*~*~ (outnumbered).
  3964 | D:5      | Killed Eustachio
  4006 | D:5      | Noticed qw's ghost (novice MiHu)
  4077 | D:5      | 4077 ||| INVOKING Heroism.
  4079 | D:5      | Reached skill level 1 in Invocations
  4377 | D:5      | 4377 ||| UPGRADING to +1 pair of boots of rampaging.
  4505 | D:6      | 4505 ||| INVOKING Heroism.
  4565 | D:6      | You fall into a shaft and drop 3 floors!
  4590 | D:9      | 4590 ||| INVOKING Heroism.
  4669 | D:9      | 4669 ||| INVOKING Heroism.
  4679 | D:9      | HP: 15/74 [acid dragon/splash of acid (26)]
  4682 | D:9      | HP: 2/74 [acid dragon (11)]
  4682 | D:9      | Slain by an acid dragon

Levels and vault maps discovered:
D:1:      evilmike_arrival_rings, layout_basic, serial_forest,
          infiniplex_forest_zigzag_2, infiniplex_forest_straight_1,
          infiniplex_forest_straight_2, infiniplex_forest_lined_3,
          infiniplex_forest_lined_room_2, infiniplex_forest_lined_4_way,
          infiniplex_forest_3_way
D:2:      layout_basic
D:3:      layout_loops_ring, lightli_sewer_entry_pipes
D:4:      layout_loops_ring, nemelex_diamond_rough_becter,
          nicolae_dithmenos_shadow_blocks, minmay_temple_entry_antechambers
D:5:      minmay_opposing_rooms, layout_basic, cheibrodos_ashenzari_chains,
          gammafunk_ghost_icy, kennysheep_flooded_box, saegor_snake_ambush,
          uniq_eustachio
D:6:      layout_cave_pools, serial_rivers, chequers_serial_rivers_small_a,
          chequers_serial_rivers_micro_a, chequers_serial_rivers_micro_b,
          chequers_serial_rivers_small_b, chequers_serial_rivers_small_a
D:9:      layout_cave_pods, worldfamousw_hep_ancestral_shrine,
          nicolae_diode_stairs
Temple:   eino_temple_lava

Skill      XL: |  1  2  3  4  5  6  7  8 |
---------------+-------------------------+-----
Ranged Weapons | 5 6 7 8 9 10 | 10.2
Fighting       | 3 4 6 7 |  7.7
Armour         | 1 2 |  2.5
Dodging        | 3 4 |  4.1
Invocations    | 2 |  2.7
Stealth        | |  0.7

Action                     |  1- 3 |  4- 6 |  7- 9 || total
---------------------------+-------+-------+-------++-------
   Fire: Shortbow          |    98 |   193 |   275 ||   566
 Invoke: Heroism           |       |       |     7 ||     7
    Use: Scroll            |     3 |     6 |     3 ||    12
         Potion            |       |     1 |     1 ||     2
 Armour: Leather armour    |     4 |       |       ||     4
         Ring mail         |     7 |    15 |       ||    22
         Troll leather arm |       |    11 |    57 ||    68
  Dodge: Dodged            |    20 |    53 |   153 ||   226

Table legend:
 A = Non-vault XP
 B = Vault XP
 C = Vault XP percentage of total XP
 D = Non-vault monster count
 E = Vault monster count
 F = Vault count percentage of total count
                 A         B        C        D         E       F
            +---------+---------+-------+---------+---------+-------
      Total |    1887 |     813 |  30.1 |     107 |      24 |  18.3
            +---------+---------+-------+---------+---------+-------
        D:1 |      46 |       0 |   0.0 |      25 |       0 |   0.0
        D:2 |     122 |       0 |   0.0 |      21 |       0 |   0.0
        D:3 |      27 |      51 |  65.4 |      16 |       7 |  30.4
        D:4 |     453 |       0 |   0.0 |      23 |       0 |   0.0
        D:5 |     918 |     627 |  40.6 |      16 |      12 |  42.9
        D:6 |     209 |       0 |   0.0 |       5 |       0 |   0.0
        D:9 |     112 |       0 |   0.0 |       1 |       0 |   0.0
      Sewer |       0 |     135 | 100.0 |       0 |       5 | 100.0
            +---------+---------+-------+---------+---------+-------
